 Dungeon Crawl Stone Soup version 0.31-a0-1611-g890cdf5628 (webtiles) character file.

Game seed: 1982617387772037520

371 Hubris850 the Trooper (level 6, 0/62 HPs)
             Began as an Oni Shapeshifter on Jan 8, 2024.
             Slain by a ribbon worm (2 damage)
             ... on level 4 of the Dungeon.
             The game lasted 00:07:54 (3071 turns).

Hubris850 the Trooper (Oni Shapeshifter)            Turns: 3071, Time: 00:07:55

Health: 0/62       AC:  4    Str: 19    XL:     6   Next: 70%
Magic:  6/6        EV:  5    Int: 11    God:
Gold:   247        SH:  0    Dex: 10    Spells: 5/5 levels left

rFire   . .          .
                       - Unarmed
rCold   . . .        (no shield)
rNeg    . . .        o - +0 troll leather armour
rPois   .            (helmet currently unavailable)
rElec   .            (cloak currently unavailable)
rCorr   .            (gloves unavailable)
SInv    .            (boots unavailable)
Will    .....        r - amulet "Tahuemm" {Faith Stlth+}
Stlth   ++           (no ring)
HPRegen 1.10/turn    (no ring)
MPRegen 0.10/turn

%: faith
@: beast-form, held
A: beast (slay +2), large, unfitting armour, horns 1, tough skin 1, double
potion healing, drunken brawling
a: Begin Untransformation


You were on level 4 of the Dungeon.
You were a hulking beast.
You visited 1 branch of the dungeon, and saw 4 of its levels.

You collected 247 gold pieces.

Inventory:

Hand Weapons
 q - a +2 short sword of flaming
Armour
 a - a +0 animal skin
 b - a +0 kite shield
 o - a +0 troll leather armour (worn)
Jewellery
 r - the amulet "Tahuemm" (around neck) {Faith Stlth+}
   (You found it on level 3 of the Dungeon)

   [amulet of faith]

   Faith:     It allows you to gain divine favour quickly.
   Stlth+:    It makes you more stealthy.
 t - a +6 ring of dexterity
Talismans
 c - a beast talisman
 d - a flux talisman
Scrolls
 e - 2 scrolls of fear {unknown}
 f - 3 scrolls of revelation {unknown}
 g - a scroll of teleportation {unknown}
 j - 5 scrolls of identify {unknown}
 n - 2 scrolls of enchant weapon {unknown}
 s - a scroll of poison {unknown}
Potions
 h - a potion of enlightenment {unknown}
 i - a potion of invisibility {unknown}
 k - 2 potions of curing {unknown}
 l - a potion of attraction {unknown}
 m - a potion of heal wounds {unknown}
 p - a potion of might {unknown}


   Skills:
 + Level 4.3 Fighting
 + Level 3.4 Dodging
 + Level 0.2 Shields
 + Level 4.0 Unarmed Combat
 + Level 4.2 Shapeshifting


You had 5 spell levels left.
You didn't know any spells.
Your spell library contained the following spells:

 Spells                   Type           Power      Damage    Failure   Level
 Inner Flame              Hex/Fire       0%         N/A       77%         3
 Irradiate                Conj/Alch      0%         3d11      100%        5
 Ignition                 Fire           0%         3d3       100%        8


Dungeon Overview and Level Annotations

Branches:
Dungeon (4/15)
 Temple: D:4-7

Altars:

Annotations:
D:4 2 transporters, zenocrate's ghost, amateur VSEn


Innate Abilities, Weirdness & Mutations

You are a hulking beast.
Your limbs bulge with bestial killing power. (Slay +2)
You are too large for most types of armour.
You have a pair of small horns on your head.
You have tough skin. (AC +1)
You gain doubled healing and magic from potions.
Whenever you drink a healing potion, you attack all around you.


Message History

Something hits you but does no damage. The orc barely misses you.
The iguana hisses menacingly.
The iguana bites you.
You hit the iguana.
The iguana is severely wounded.
Something hits you. The iguana bites you!
* * * LOW HITPOINT WARNING * * *
The orc hits you with a +0 club.
* * * LOW HITPOINT WARNING * * *
You hit the iguana but do no damage.
You headbutt the iguana, but do no damage.
The iguana is severely wounded.
Something hits you but does no damage. The orc barely misses you.
The iguana misses you.
You hit the iguana. Your headbutt misses the iguana.
The iguana is almost dead.
The ribbon worm barely misses you. Something hits you but does no damage.
The orc hits you with a +0 club.
* * * LOW HITPOINT WARNING * * *
The iguana bites you.
* * * LOW HITPOINT WARNING * * *
You hit the iguana.
You kill the iguana!
The ribbon worm expels a string of sticky webbing.
The stream of webbing hits you but does no damage.
You are caught in a web!
Something hits you.
* * * LOW HITPOINT WARNING * * *
Your Unarmed Combat skill increases to level 4!
You struggle to detach yourself from the web.
The orc hits you with a +0 club.
* * * LOW HITPOINT WARNING * * *
The ribbon worm expels a string of sticky webbing.
The stream of webbing hits you but does no damage.
You are even more entangled.
Something hits you but does no damage.
You struggle to detach yourself from the web.
The orc hits you with a +0 club.
* * * LOW HITPOINT WARNING * * *
A dart slug comes into view.
The ribbon worm bites you.
You die...

.....
#...........#.##.
...#.##...........#
# .
......#...>.......#
#..#w...........##
...............##
#.$.#..###..## #
#...## ##...# #)w.#
###.# ####h..## ...
#.ro{...# ##.
#...####...# .....
##..... .... ..##.
... #... # .. ####
#


You could see a ribbon worm, a dart slug (wandering), an orc and a quokka.

Vanquished Creatures
  An ogre (D:4)
  A hound (D:3)
  An iguana (D:4)
  3 gnolls (D:4)
  10 adders
  A ribbon worm (D:2)
  A dart slug (D:1)
  8 orcs
  8 bats
  9 endoplasms
  12 giant cockroaches
  6 goblins
  3 hobgoblins
  10 jackals
  3 quokkas
  5 ball pythons
  A frilled lizard (D:2)
  10 kobolds
  12 rats
105 creatures vanquished.

Notes
Turn   | Place    | Note
-------+----------+-------------------------------------------
     0 | D:1      | Hubris850 the Oni Shapeshifter began the quest for the Orb.
     0 | D:1      | Reached XP level 1. HP: 19/19 MP: 1/1
    68 | D:1      | Reached XP level 2. HP: 9/28 MP: 2/2
   442 | D:1      | Reached XP level 3. HP: 32/35 MP: 3/3
  1331 | D:2      | Reached XP level 4. HP: 38/44 MP: 4/4
  1796 | D:2      | Reached XP level 5. HP: 40/53 MP: 5/5
  2505 | D:3      | Identified the amulet "Tahuemm" {Faith Stlth+}
  2903 | D:4      | Found a transporter.
  2905 | D:4      | Found a transporter.
  2905 | D:4      | Noticed zenocrate's ghost (amateur VSEn)
  2947 | D:4      | Reached XP level 6. HP: 62/62 MP: 6/6
  3070 | D:4      | HP: 3/62 [orc/+0 club (2)]
  3071 | D:4      | Slain by a ribbon worm

Illustrated notes

Levels and vault maps discovered:
D:1:      minmay_arrival_cross, layout_basic, st_stairs_4
D:2:      minmay_roachtagon, layout_basic
D:3:      layout_loops_ring
D:4:      layout_rooms, gammafunk_ghost_mausoleum, corner_web_ring,
          minmay_manual_mail

Skill      XL: |  1  2  3  4  5  6 |
---------------+-------------------+-----
Dodging        | 2 3 |  3.4
Fighting       | 2 3 4 |  4.3
Unarmed Combat | 3 4 |  4.0
Shapeshifting  | 4 |  4.2
Shields        | |  0.2

Action                     |  1- 3 |  4- 6 || total
---------------------------+-------+-------++-------
  Melee: Unarmed           |    94 |   182 ||   276
         Headbutt          |    15 |    21 ||    36
         Punch             |     3 |     2 ||     5
    Use: Potion            |       |     1 ||     1
   Stab: Sleeping          |       |     3 ||     3
 Armour: Animal skin       |    62 |    71 ||   133
         Troll leather arm |       |    48 ||    48
         Skin              |       |    10 ||    10
  Dodge: Dodged            |    50 |    96 ||   146

Table legend: (Time is in decaauts)
 A = Elapsed time spent in this place.
 B = Non-inter-level travel time spent in this place.
 C = Inter-level travel time spent in this place.
 D = Time resting spent in this place.
 E = Time spent auto-exploring this place.
 F = Levels seen in this place.
 G = Mean time per level.
                   A        B        C        D        E       F      G
               +--------+--------+--------+--------+--------+-----+--------+
         Total |   3053 |   2993 |     60 |     75 |   2311 |   4 |  763.2 |
       Dungeon |   3053 |   2993 |     60 |     75 |   2311 |   4 |  763.2 |
               +--------+--------+--------+--------+--------+-----+--------+

Top non-repeatable levels by time:
     D:1: 1238 daAuts
     D:2: 875 daAuts
     D:3: 775 daAuts
     D:4: 164 daAuts
